3AA
OTTAWA NATIONALS @ SPRINGFIELD SHOOTERS
09/13/2029
 
TOP OF THE 1ST
Ottawa Nationals batting - Pitching for Springfield Shooters : LHP Marcus Blakely
Pitching: LHP Marcus Blakely
Batting: LHB Ken Stroud 0-0: Called Strike
0-1: Ball
1-1: Called Strike
1-2: Fly out, F8 (Flyball, 8RD)
Batting: RHB Tomás Bermúdez 0-0: Called Strike
0-1: SINGLE (Line Drive, 6MD)
Batting: RHB José García 0-0: Ball
1-0: Ball
2-0: Foul Ball, location: 2F
2-1: Ball
Tomás Bermúdez steals 2nd base
3-1: Foul Ball, location: 2F
3-2: Fly out, F6 (Popup, P)
Batting: LHB José Gómez 0-0: Foul Ball, location: 2F
0-1: Fly out, F7 (Flyball, 7)
Top of the 1st over - 0 runs, 1 hit, 0 errors, 1 left on base; Ottawa 0 - Springfield 0
BOTTOM OF THE 1ST
Springfield Shooters batting - Pitching for Ottawa Nationals : RHP Leăo Barro
Pitching: RHP Leăo Barro
Batting: LHB Daniel Faraday 0-0: Called Strike
0-1: Ball
1-1: Ball
2-1: Swinging Strike
2-2: Foul Ball, location: 2F
2-2: Foul Ball, location: 2F
2-2: Ball
3-2: Base on Balls
Batting: LHB Ray Anderson 0-0: Called Strike
0-1: Ball
1-1: Called Strike
1-2: Fly out, F9 (Flyball, 9S)
Batting: LHB Armando Rodríguez 0-0: Ball
1-0: Fly out, F5 (Popup, 6S)
Batting: SHB Billy Dotson 0-0: Ball
1-0: Swinging Strike
1-1: Fly out, F6 (Flyball, 56D)
Bottom of the 1st over - 0 runs, 0 hits, 0 errors, 1 left on base; Ottawa 0 - Springfield 0
TOP OF THE 2ND
Ottawa Nationals batting - Pitching for Springfield Shooters : LHP Marcus Blakely
Batting: RHB Mike Jennings 0-0: Ball
1-0: Ball
2-0: Called Strike
2-1: Foul Ball, location: 2F
2-2: Ball
3-2: Strikes out looking
Batting: RHB Juan Román 0-0: Called Strike
0-1: SINGLE (Groundball, 4D)
Batting: LHB Jesús Mancía 0-0: Swinging Strike
0-1: Ball
1-1: Ball
2-1: Ball
3-1: Called Strike
3-2: Base on Balls
Juan Román to second
Batting: SHB Tristan Shanks 0-0: Called Strike
0-1: Foul Ball, location: 2F
0-2: Ground out 6-3 (Groundball, 6MS)
Juan Román to third
Jesús Mancía to second
Batting: RHB Miguel González 0-0: Called Strike
0-1: Called Strike
0-2: Ball
1-2: Strikes out looking
Top of the 2nd over - 0 runs, 1 hit, 0 errors, 2 left on base; Ottawa 0 - Springfield 0
BOTTOM OF THE 2ND
Springfield Shooters batting - Pitching for Ottawa Nationals : RHP Leăo Barro
Batting: RHB Lee Charles 0-0: Swinging Strike
0-1: Ball
1-1: Foul Ball, location: 2F
1-2: Ball
2-2: Ground out 6-3 (Groundball, 6)
Batting: RHB Stephen Chávez 0-0: Ball
1-0: SINGLE (Groundball, 56S) (infield hit)
Batting: RHB Eun-bum Kim 0-0: Ball
1-0: Foul Ball, location: 2F
1-1: Called Strike
Stephen Chávez steals 2nd base
1-2: Ball
2-2: Ground out 6-3 (Groundball, 6)
Batting: RHB Barrett Drury 0-0: Ball
1-0: Called Strike
1-1: Called Strike
1-2: Foul Ball, location: 2F
1-2: Fly out, F9 (Flyball, 9LD)
Bottom of the 2nd over - 0 runs, 1 hit, 0 errors, 1 left on base; Ottawa 0 - Springfield 0
TOP OF THE 3RD
Ottawa Nationals batting - Pitching for Springfield Shooters : LHP Marcus Blakely
Batting: LHB Ken Stroud 0-0: Foul Ball, location: 2F
0-1: Foul Ball, location: 2F
0-2: Foul Ball, location: 2F
0-2: Strikes out swinging
Batting: RHB Tomás Bermúdez 0-0: Ball
1-0: Ball
2-0: Ground out 4-3 (Groundball, 6M)
Batting: RHB José García 0-0: Called Strike
0-1: Swinging Strike
0-2: Ball
1-2: Ball
2-2: Ground out 6-3 (Groundball, 6)
Top of the 3rd over - 0 runs, 0 hits, 0 errors, 0 left on base; Ottawa 0 - Springfield 0
BOTTOM OF THE 3RD
Springfield Shooters batting - Pitching for Ottawa Nationals : RHP Leăo Barro
Batting: RHB Júlio Barajas 0-0: Foul Ball, location: 2F
0-1: Swinging Strike
0-2: Ground out 6-3 (Groundball, 6)
Batting: LHB Daniel Faraday 0-0: Called Strike
0-1: Foul Ball, location: 2F
0-2: Ball
1-2: Fly out, F8 (Flyball, 8LXD)
Batting: LHB Ray Anderson 0-0: Ball
1-0: Foul Ball, location: 2F
1-1: Foul Ball, location: 2F
1-2: Ball
2-2: Ground out 5-3 (Groundball, 5)
Bottom of the 3rd over - 0 runs, 0 hits, 0 errors, 0 left on base; Ottawa 0 - Springfield 0
TOP OF THE 4TH
Ottawa Nationals batting - Pitching for Springfield Shooters : LHP Marcus Blakely
Batting: LHB José Gómez 0-0: Ball
1-0: Foul Ball, location: 2F
1-1: Foul Ball, location: 2F
1-2: Foul Ball, location: 2F
1-2: Ball
2-2: Ground out 6-3 (Groundball, 6)
Batting: RHB Mike Jennings 0-0: Called Strike
0-1: Foul Ball, location: 2F
0-2: Hit by Pitch
Batting: RHB Juan Román 0-0: Swinging Strike
0-1: SINGLE (Groundball, 6MD)
Mike Jennings to second
Mike Jennings to third
Batting: LHB Jesús Mancía 0-0: Called Strike
0-1: Called Strike
0-2: Strikes out swinging
Batting: SHB Tristan Shanks 0-0: Foul Ball, location: 2F
0-1: Ball
1-1: Foul Ball, location: 2F
1-2: Ground out 5-3 (Groundball, 56)
Top of the 4th over - 0 runs, 1 hit, 0 errors, 2 left on base; Ottawa 0 - Springfield 0
BOTTOM OF THE 4TH
Springfield Shooters batting - Pitching for Ottawa Nationals : RHP Leăo Barro
Batting: LHB Armando Rodríguez 0-0: Swinging Strike
0-1: Ball
1-1: Foul Ball, location: 2F
1-2: Ground out 5-3 (Groundball, 56)
Pitching: RHP John Walls
Batting: SHB Billy Dotson 0-0: Foul Ball, location: 2F
0-1: Ball
1-1: Ball
2-1: Foul Ball, location: 2F
2-2: Ball
3-2: Foul Ball, location: 2F
3-2: Base on Balls
Batting: RHB Lee Charles 0-0: Ball
1-0: Called Strike
1-1: Called Strike
1-2: Grounds into double play, 6-4-3 (Groundball, 6M)
Bottom of the 4th over - 0 runs, 0 hits, 0 errors, 0 left on base; Ottawa 0 - Springfield 0
TOP OF THE 5TH
Ottawa Nationals batting - Pitching for Springfield Shooters : LHP Marcus Blakely
Batting: RHB Miguel González 0-0: Called Strike
0-1: Ball
1-1: Ball
2-1: Called Strike
2-2: Ball
3-2: Foul Ball, location: 2F
3-2: Fly out, F9 (Flyball, 9S)
Batting: LHB Ken Stroud 0-0: Ball
1-0: Called Strike
1-1: Foul Ball, location: 2F
1-2: Foul Ball, location: 2F
1-2: Ball
2-2: Hit by Pitch
Batting: RHB Tomás Bermúdez 0-0: Ball
1-0: Called Strike
1-1: Ball
2-1: Fly out, F6 (Line Drive, 6)
Batting: RHB José García 0-0: Fielders Choice at 2nd, 6-4 (Groundball, 6)
Top of the 5th over - 0 runs, 0 hits, 0 errors, 1 left on base; Ottawa 0 - Springfield 0
BOTTOM OF THE 5TH
Springfield Shooters batting - Pitching for Ottawa Nationals : RHP John Walls
Batting: RHB Stephen Chávez 0-0: Ball
1-0: Foul Ball, location: 2F
1-1: SINGLE (Groundball, 5D)
Batting: RHB Eun-bum Kim 0-0: Sac Bunt - play at first, batter OUT! 1-3
Stephen Chávez to second
Batting: RHB Barrett Drury 0-0: Intentional Walk
Batting: RHB Júlio Barajas 0-0: Ball
1-0: Foul Ball, location: 2F
1-1: SINGLE (Flyball, 7LS)
Stephen Chávez to third
Barrett Drury to second
Batting: LHB Daniel Faraday 0-0: Ball
1-0: Ball
2-0: Ball
3-0: Called Strike
3-1: Base on Balls
Stephen Chávez scores
Barrett Drury to third
Júlio Barajas to second
Batting: LHB Ray Anderson 0-0: Ball
1-0: Fly out, F4 (Line Drive, 4)
Batting: LHB Armando Rodríguez 0-0: Foul Ball, location: 2F
0-1: Ball
1-1: Ball
2-1: Fielders Choice at 2nd, 5-4 (Groundball, 5D)
Bottom of the 5th over - 1 run, 2 hits, 0 errors, 3 left on base; Ottawa 0 - Springfield 1
TOP OF THE 6TH
Ottawa Nationals batting - Pitching for Springfield Shooters : LHP Marcus Blakely
Batting: LHB José Gómez 0-0: SINGLE (Groundball, 6MS) (infield hit)
Batting: RHB Mike Jennings 0-0: Ball
1-0: Called Strike
1-1: Swinging Strike
1-2: Ball
2-2: Foul Ball, location: 2F
2-2: SINGLE (Line Drive, 89M)
José Gómez to second
Pitching: LHP Tomás Galván
Batting: RHB Juan Román 0-0: Swinging Strike
0-1: Ball
1-1: Ball
2-1: Foul Ball, location: 2F
2-2: Fielders Choice at 2nd, 3-6 (Groundball, 3)
José Gómez to third
Batting: LHB Jesús Mancía 0-0: Ball
1-0: Swinging Strike
1-1: Called Strike
1-2: Foul Ball, location: 2F
1-2: Strikes out swinging
Batting: SHB Tristan Shanks 0-0: Ball
1-0: Fly out, F3 (Popup, 34S)
Top of the 6th over - 0 runs, 2 hits, 0 errors, 2 left on base; Ottawa 0 - Springfield 1
BOTTOM OF THE 6TH
Springfield Shooters batting - Pitching for Ottawa Nationals : RHP John Walls
Batting: SHB Billy Dotson 0-0: Ground out 5-3 (Groundball, 5L)
Batting: RHB Lee Charles 0-0: Ball
1-0: Ball
2-0: Ground out 6-3 (Groundball, 6)
Batting: RHB Stephen Chávez 0-0: Ball
1-0: Foul Ball, location: 2F
1-1: Fly out, F7 (Flyball, 7LS)
Bottom of the 6th over - 0 runs, 0 hits, 0 errors, 0 left on base; Ottawa 0 - Springfield 1
TOP OF THE 7TH
Ottawa Nationals batting - Pitching for Springfield Shooters : LHP Tomás Galván
Batting: RHB Miguel González 0-0: SINGLE (Line Drive, 56)
Batting: LHB Ken Stroud 0-0: Called Strike
0-1: Bunted foul
0-2: Foul Ball, location: 2F
0-2: Foul Ball, location: 2F
0-2: Ball
Throwing error on steal attempt, E2
Miguel González to third
1-2: Ball
2-2: Foul Ball, location: 2F
2-2: Ball
3-2: Ground out 6-3 (Groundball, 6)
Batting: RHB Tomás Bermúdez 0-0: Ball
1-0: Ground out 4-3 (Groundball, 34)
Pinch Hitting: RHB Duane Wills 0-0: Called Strike
0-1: Ball
1-1: Foul Ball, location: 2F
1-2: Ball
2-2: Foul Ball, location: 2F
2-2: Ball
3-2: Strikes out looking
Top of the 7th over - 0 runs, 1 hit, 1 error, 1 left on base; Ottawa 0 - Springfield 1
BOTTOM OF THE 7TH
Springfield Shooters batting - Pitching for Ottawa Nationals : RHP John Walls
Now in RF: Duane Wills
Batting: RHB Eun-bum Kim 0-0: Called Strike
0-1: Ball
1-1: Foul Ball, location: 2F
1-2: Strikes out swinging
Batting: RHB Barrett Drury 0-0: Called Strike
0-1: Called Strike
0-2: Ball
1-2: Foul Ball, location: 2F
1-2: Ball
2-2: SINGLE (Line Drive, 89S)
Batting: RHB Júlio Barajas 0-0: Called Strike
0-1: Ball
1-1: Ball
2-1: Ball
3-1: SINGLE (Groundball, 4D)
Barrett Drury to second
Runner from 2nd tries for 3rd, SAFE, no throw
Pitching: LHP Ken Clarke
Pinch Hitting: RHB Javier De Jesús 0-0: Ball
1-0: Ball
2-0: SINGLE (Groundball, 6MD)
Barrett Drury scores
Júlio Barajas to second
Batting: LHB Ray Anderson 0-0: Ball
1-0: Fly out, F8 (Flyball, 8LD)
Runner from 2nd tags up, SAFE at 3rd with throw
Batting: LHB Armando Rodríguez 0-0: Ball
1-0: Called Strike
1-1: Called Strike
1-2: Ball
2-2: Ball
3-2: Strikes out swinging
Bottom of the 7th over - 1 run, 3 hits, 0 errors, 2 left on base; Ottawa 0 - Springfield 2
TOP OF THE 8TH
Ottawa Nationals batting - Pitching for Springfield Shooters : LHP Tomás Galván
Now in LF: Javier De Jesús
Batting: LHB José Gómez 0-0: Called Strike
0-1: Ball
1-1: Ball
2-1: Ball
3-1: Called Strike
3-2: Foul Ball, location: 2F
3-2: Strikes out looking
Batting: RHB Mike Jennings 0-0: Fly out, F9 (Flyball, 89S)
Batting: RHB Juan Román 0-0: Ball
1-0: Ground out 5-3 (Groundball, 56S)
Top of the 8th over - 0 runs, 0 hits, 0 errors, 0 left on base; Ottawa 0 - Springfield 2
BOTTOM OF THE 8TH
Springfield Shooters batting - Pitching for Ottawa Nationals : LHP Ken Clarke
Batting: SHB Billy Dotson 0-0: Ball
1-0: Called Strike
1-1: Foul Ball, location: 2F
1-2: Ball
2-2: Ball
3-2: SINGLE (Line Drive, 78M)
Batting: RHB Lee Charles 0-0: Ball
1-0: Called Strike
1-1: Ball
2-1: Swinging Strike
2-2: Strikes out swinging
Batting: RHB Stephen Chávez 0-0: Fly out, F9 (Flyball, 9LMF)
Batting: RHB Eun-bum Kim 0-0: Called Strike
0-1: Called Strike
0-2: Ball
1-2: Strikes out swinging
Bottom of the 8th over - 0 runs, 1 hit, 0 errors, 1 left on base; Ottawa 0 - Springfield 2
TOP OF THE 9TH
Ottawa Nationals batting - Pitching for Springfield Shooters : LHP Tomás Galván
Pitching: RHP Fred Pitts
Batting: LHB Jesús Mancía 0-0: Ball
1-0: Called Strike
1-1: Swinging Strike
1-2: Ball
2-2: Strikes out swinging
Batting: SHB Tristan Shanks 0-0: Ball
1-0: Ball
2-0: SINGLE (Groundball, 56D)
Batting: RHB Miguel González 0-0: Ball
1-0: Fly out, F7 (Flyball, 7S)
Batting: LHB Ken Stroud 0-0: Ball
1-0: Ball
2-0: Foul Ball, location: 2F
2-1: Ball
3-1: Called Strike
3-2: Strikes out looking
Top of the 9th over - 0 runs, 1 hit, 0 errors, 1 left on base; Ottawa 0 - Springfield 2
Tuesday, December 19th, 2017 - OOTP Baseball 18.8 Build 76